 Dungeon Crawl Stone Soup version 0.31.0-12-g77e489cdc1 (webtiles) character file.

Game seed: 14531061258624551552

249548 Cheops the Wrestler (level 18, -13/167 HPs)
             Began as a Troll Fighter on Feb 15, 2024.
             Was the Champion of Qazlal.
             Killed from afar by a crystal guardian (36 damage)
             ... with a crystal bolt
             ... in a wizard's laboratory on Feb 16, 2024.
             The game lasted 02:48:25 (33381 turns).

Cheops the Wrestler (Troll Fighter)                Turns: 33381, Time: 02:48:26

Health: -13/167    AC: 16    Str: 37    XL:     18   Next: 88%
Magic:  18/18      EV: 12    Int: 15    God:    Qazlal [******]
Gold:   1700       SH: 25    Dex:  9    Spells: 17/17 levels left

rFire   + .          .
                       - Unarmed
rCold   . . .        j - +0 kite shield
rNeg    + + .        v - +3 robe of Clouds {*Thunder rCloud rElec}
rPois   +            y - +2 hat {Int+3}
rElec   +            l - +2 cloak
rCorr   .            (gloves unavailable)
SInv    +            (boots unavailable)
Will    +++..        g - amulet "Xedghyg" {Reflect ^Drain Fly rPois rC+ SH+5}
Stlth   +            X - ring of the Pharaoh's Fist {rC- rN++ Will++ Str+6}
HPRegen 1.27/turn    Z - ring of Morphoz {rPois MP-9 AC+4 Int+4 SInv}
MPRegen 0.16/turn

%: repel missiles, reflection
@: protected from fire, flying, studying Shapeshifting
A: large, unfitting armour, claws 3, regeneration 1, shaggy fur 1, tough skin 1
}: 2/15 runes: decaying, serpentine
a: Renounce Religion, Upheaval, Elemental Force, Disaster Area


You were in a wizard's laboratory.
You worshipped Qazlal.
Qazlal was exalted by your worship.
You visited 7 branches of the dungeon, and saw 33 of its levels.
You also visited: Trove, Sewer, Ossuary, Bailey, Gauntlet and Wizlab.

You collected 3500 gold pieces.
You spent 1800 gold pieces at shops.

Inventory:

Hand Weapons
 a - a +0 hand axe of flaming
 b - the +5 broad axe of Theory {antimagic, Int+3}
   (You bought it in a shop on level 2 of the Orcish Mines)

   Int+3:     It affects your intelligence (+3).
 c - the +1 broad axe of Lyurumpi {freeze, rElec Will+ Int+2}
   (You found it on level 13 of the Dungeon)

   Int+2:     It affects your intelligence (+2).
   rElec:     It insulates you from electricity.
   Will+:     It increases your willpower.
 d - the +3 broad axe "Laidwema" {pain, Fly Str+3 Stlth+}
   (You bought it in a shop on level 14 of the Dungeon)

   Str+3:     It affects your strength (+3).
   Fly:       It grants you flight.
   Stlth+:    It makes you more stealthy.
Armour
 i - a +1 troll leather armour {Snorg}
 j - a +0 kite shield (worn)
 l - a +2 cloak (worn)
 r - +0 ice dragon scales
 v - the +3 robe of Clouds (worn) {*Thunder rCloud rElec}
   (You bought it in a shop on level 1 of the Dungeon)

   *Thunder:  It occasionally creates storm clouds above nearby enemies.
   rCloud:    It grants its wearer immunity to clouds.
   rElec:     It insulates you from electricity.
 y - a +2 hat of intelligence (worn)
Jewellery
 g - the amulet "Xedghyg" (around neck) {Reflect ^Drain Fly rPois rC+ SH+5}
   (You found it in a treasure trove)

   [amulet of reflection]

   Reflect:   It reflects blocked missile attacks.
   rC+:       It protects you from cold.
   rPois:     It protects you from poison Fly: It grants you flight.
   ^Drain:    It drains your maximum health when unequipped.
   SH+5:      It affects your SH (+5).
 n - the ring of the Villain {Fly Will+++ rCorr Str-4}
   (You found it in a treasure trove)

   [ring of flight]

   Str-4:     It affects your strength (-4).
   Will+++:   It greatly increases your willpower.
   Fly:       It grants you flight.
   rCorr:     It protects you from acid and corrosion.
 p - a ring of protection from fire
 u - a ring of protection from cold
 X - the ring of the Pharaoh's Fist (left claw) {rC- rN++ Will++ Str+6}
   (You found it in a Gauntlet)

   [ring of strength]

   Str+6:     It affects your strength (+6).
   rC-:       It makes you vulnerable to cold.
   rN++:      It greatly protects you from negative energy.
   Will++:    It greatly increases your willpower.
 Z - the ring of Morphoz (right claw) {rPois MP-9 AC+4 Int+4 SInv}
   (You took it off a minotaur in a Gauntlet)

   [ring of protection]

   AC+4:      It affects your AC (+4).
   Int+4:     It affects your intelligence (+4).
   rPois:     It protects you from poison MP-9: It affects your magic capacity
   (-9).
   SInv:      It lets you see invisible.
Wands
 h - a wand of charming (23)
 k - a wand of flame (87)
 q - a wand of polymorph (17)
 s - a wand of quicksilver (12)
 z - a wand of digging (13)
 A - a wand of roots (18)
 K - a wand of mindburst (8)
Scrolls
 B - 6 scrolls of blinking
 C - 7 scrolls of teleportation
 D - 7 scrolls of fear
 E - 2 scrolls of fog
 F - 5 scrolls of silence
 G - 2 scrolls of poison
 H - a scroll of revelation
Potions
 L - 12 potions of curing
 M - 5 potions of heal wounds
 N - 3 potions of magic
 O - 7 potions of haste
 P - 2 potions of resistance
 Q - 7 potions of might
 R - 3 potions of berserk rage
 S - 8 potions of enlightenment
 T - 5 potions of cancellation
 U - 6 potions of lignification
 V - a potion of attraction
 W - 7 potions of mutation
 Y - a potion of ambrosia
Miscellaneous
 w - a phial of floods
 I - a phantom mirror


   Skills:
 - Level 8.0 Fighting
 - Level 7.0 Axes
 - Level 11.0 Dodging
 * Level 14.2 Shields
 + Level 22.2 Unarmed Combat
 - Level 14.2 Invocations
 - Level 6.2 Evocations


You had 17 spell levels left.
You didn't know any spells.
Your spell library contained the following spells:

 Spells                   Type           Power      Damage    Failure   Level
 Apportation              Tloc           0%         N/A       34%         1
 Foxfire                  Conj/Fire      0%         2x1d4     34%         1
 Freeze                   Ice            0%         1d3       34%         1
 Magic Dart               Conj           0%         1d3       34%         1
 Necrotise                Necr           0%         1d4       34%         1
 Shock                    Conj/Air       0%         1d3       34%         1
 Sting                    Conj/Alch      0%         1d3       34%         1
 Summon Small Mammal      Summ           0%         N/A       34%         1
 Blink                    Tloc           0%         N/A       47%         2
 Jinxbite                 Hex            0%         N/A       47%         2
 Lesser Beckoning         Tloc           0%         N/A       47%         2
 Mercury Vapours          Alch/Air       0%         N/A       47%         2
 Momentum Strike          Conj/Tloc      0%         3d8       47%         2
 Scorch                   Fire           0%         2d5       47%         2
 Searing Ray              Conj           0%         2d4       47%         2
 Dazzling Flash           Conj/Hex       0%         N/A       71%         3
 Frozen Ramparts          Ice            0%         1d1       71%         3
 Hailstorm                Conj/Ice       0%         3d5       71%         3
 Inner Flame              Hex/Fire       0%         N/A       71%         3
 Summon Ice Beast         Ice/Summ       0%         N/A       71%         3
 Swiftness                Air            0%         N/A       71%         3
 Tukima's Dance           Hex            0%         N/A       71%         3
 Volatile Blastmotes      Fire/Tloc      0%         2d10      71%         3
 Airstrike                Air            0%         2d(0-16)  98%         4
 Animate Armour           Summ/Erth      0%         N/A       98%         4
 Animate Dead             Necr           0%         N/A       98%         4
 Flame Wave               Conj/Fire      0%         2d4       98%         4
 Fulminant Prism          Conj/Alch      0%         3d5       98%         4
 Ignite Poison            Fire/Alch      0%         N/A       98%         4
 Iskenderun's Mystic Bla  Conj/Tloc      0%         2d3       98%         4
 Leda's Liquefaction      Alch/Erth      0%         N/A       98%         4
 Olgreb's Toxic Radiance  Alch           0%         N/A       98%         4
 Passage of Golubria      Tloc           0%         N/A       98%         4
 Sticky Flame             Fire/Alch      0%         2d4       98%         4
 Summon Lightning Spire   Summ/Air       0%         N/A       98%         4
 Alistair's Intoxication  Alch           0%         N/A       100%        5
 Borgnjor's Vile Clutch   Necr/Erth      0%         N/A       100%        5
 Lee's Rapid Deconstruct  Erth           0%         3d4*      100%        5
 Yara's Violent Unravell  Hex/Alch       0%         3d3       100%        5
 Bombard                  Conj/Erth      0%         9d1       100%        6
 Death Channel            Necr           0%         N/A       100%        6
 Sculpt Simulacrum        Ice/Alch       0%         N/A       100%        6
 Summon Cactus Giant      Summ           0%         N/A       100%        6
 Ignition                 Fire           0%         3d3       100%        8


Dungeon Overview and Level Annotations

Branches:
Dungeon (15/15)            Temple (1/1) D:4            Lair (5/5) D:11
  Swamp (4/4) Lair:2        Snake (4/4) Lair:3        Slime (0/5) Lair:5
    Orc (2/2) D:12            Elf (0/3) Orc:2        Vaults (2/5) D:14
  Crypt (0/3) Vaults:2     Depths (0/4) D:15          Sewer (visited)
Ossuary (visited)          Bailey (visited)          WizLab (1/1)
Gauntlet (visited)

Altars:
Ashenzari
Cheibriados
Dithmenos
Elyvilon
Fedhas
Gozag
Hepliaklqana
Kikubaaqudgha
Makhleb
Nemelex Xobeh
Okawaru
Qazlal
Ru
Sif Muna
Trog
Uskayaw
Vehumet
Wu Jian
Xom
Yredelemnul
Zin
The Shining One
Jiyva

Shops:
D:1 [   D:7 *   D:12 *   D:14 (   Orc:2 [:(:   Snake:3 (!   Vaults:1 !

Annotations:
Snake:1 3 runed translucent doors, exclusion: obsidian statue, Smee's ghost, adept MiFi


Innate Abilities, Weirdness & Mutations

You are too large for most types of armour.
You have claws for hands.
Your natural rate of healing is unusually fast.
You are covered in fur. (AC +1)
You have tough skin. (AC +1)


Message History

A crystal guardian comes into view.
You block the gargoyle's attack.
Unknown command.
You mangle the fire giant!!
The fire giant is moderately wounded.
Unknown command.
Unknown command.
You eviscerate the fire giant!!!
The fire giant is almost dead.
You block the gargoyle's attack. You block the fire giant's attack.
Unknown command.
You scratch the fire giant.
The fire giant is almost dead.
The crystal guardian glitters, brittle, in the dim dungeon light.
You block the fire giant's attack. You block the gargoyle's attack.
Unknown command.
You claw the fire giant!
You kill the fire giant!
Qazlal accepts your kill.
Unknown command.
You eviscerate the gargoyle!!!
You destroy the gargoyle!
Qazlal accepts your kill.
The crystal guardian fires a crystalline bolt at you.
The crystal bolt burns you! You resist.
You feel more protected from fire.
* * * LOW HITPOINT WARNING * * *
Unknown command.
Unknown command.
Unknown command.
You claw the earth elemental!
The earth elemental is heavily damaged.
The earth elemental hits you!!
* * * LOW HITPOINT WARNING * * *
You mangle the earth elemental!!
You destroy the earth elemental!
Qazlal accepts your kill.
The crystal guardian fires a crystalline bolt at you.
The crystal bolt freezes you!!!
You die...

##.†....... ...
##.......# ...
##..).)## #..
###)### #..
##.....## #..
##8.....8#
#..########....8....
#.)#......#.........
#.☼@§§..9.'.8..8..8.
#§)#......#.........
#°○########....8....
#.. ##8......8 ...
##..)..## ....
###'### #####
##...## #.....#
#.†8∩.#


You could see a crystal guardian.

Vanquished Creatures
  Rupert (Snake:1)
  Jorgrun (Snake:1)
  A lich (D:10)
  A thorn hunter (Swamp:2)
  Gastronok (D:12)
  Aizul (Snake:3)
  3 nagarajas (Snake:4)
  2 frost giants
  2 vault wardens (Vaults:1)
  2 fire giants (WizLab)
  An angel (WizLab)
  5 ironbound preservers
  2 orc warlords (Vaults:1)
  A ghoul (Swamp:4)
  A formless jellyfish (Vaults:1)
  3 stone giants
  Nessos (D:15)
  5 eleionomae
  2 bunyips
  A minotaur (Gauntlet)
  A crystal guardian (WizLab)
  Snorg (D:12)
  Fannar (Lair:1)
  A great orb of eyes (Vaults:2)
  A yaktaur captain (Vaults:1)
  The ghost of TheBioAlchemist the Basher, a journeyman GrFi of Okawaru (D:10)
  24 hydras
  5 salamander tyrants
  3 centaur warriors
  10 alligators
  3 ironbound frosthearts (Vaults:1)
  4 anacondas
  4 catoblepae
  5 ghost crabs
  2 boulder beetles
  4 two-headed ogres
  A deep troll shaman (Lair:5)
  6 death yaks (Lair:5)
  An orc high priest (Vaults:1)
  A tengu warrior (D:14)
  17 naga warriors
  2 shock serpents
  13 naga sharpshooters
  Sonja (Lair:3)
  A skyshark (Lair:5)
  A skeletal warrior (D:10)
  9 salamander mystics
  4 goliath frogs
  3 sea snakes (Snake:3)
  12 swamp dragons
  12 deep trolls
  5 spriggan druids
  A glowing orange brain (D:14)
  4 naga ritualists
  9 mana vipers
  4 bog bodies
  6 arcanists
  3 deep elf pyromancers
  3 lindwurms (Vaults:1)
  6 orc knights
  An ironbound convoker (Vaults:1)
  27 ugly things
  A necromancer (D:10)
  19 salamanders
  Maurice (D:7)
  3 orc sorcerers
  A manticore (D:15)
  4 cyclopes
  3 will-o-the-wisps
  5 kobold blastminers
  12 meliai
  4 guardian serpents
  37 black mambas
  A rust devil (D:11)
  8 elephants
  2 molten gargoyles (WizLab)
  2 orange demons (D:11)
  4 unseen horror zombies (D:9)
  2 vault sentinels
  28 naga magi
  6 cane toads
  4 gargoyles
  Jeremiah (D:7)
  2 minotaur zombies (Gauntlet)
  Maggie (Lair:1)
  9 komodo dragons
  6 yaktaurs (Vaults:1)
  3 freezing wraiths (D:13)
  4 rime drakes
  Psyche (D:8)
  A tengu conjurer (D:14)
  8 trolls
  A bloated husk (Swamp:3)
  4 polar bears
  9 tyrant leeches
  10 hornets
  15 blink frogs
  5 centaur simulacra
  3 vampires
  13 spriggans
  4 wraiths
  10 slime creatures
  4 wyverns
  A water elemental (D:14)
  23 yaks
  Grum (D:8)
  5 wargs
  A basilisk (Lair:1)
  2 fire elementals (WizLab)
  6 vampire mosquitoes
  58 nagas
  18 swamp worms
  4 acid dragons
  17 water moccasins
  A sky beast (D:6)
  33 orc warriors
  8 swamp drakes
  2 laughing skulls (D:14)
  An ogre (Orc:2)
  7 ice beasts
  A hornet zombie (D:9)
  4 black bears
  5 boggarts (D:15)
  16 centaurs
  22 wolves
  A phantom (D:7)
  6 kobold brigands
  A brain worm (Sewer)
  A gnoll sergeant (D:9)
  4 necrophages (Swamp:4)
  11 bullfrogs
  An earth elemental (WizLab)
  An elf skeleton (D:6)
  A scorpion (D:5)
  24 wights
  4 water moccasin zombies (Ossuary)
  A burial acolyte (Ossuary)
  5 killer bees (D:9)
  5 howler monkeys
  An electric eel (Lair:2)
  A lava snake (D:14)
  A crimson imp (D:10)
  A quasit (D:11)
  4 centaur zombies (D:9)
  A bombardier beetle (D:5)
  2 jellies
  10 orc priests
  3 gnoll boudas
  5 hounds
  An iguana (D:5)
  2 sleepcaps
  Jessica (D:2)
  18 orc wizards
  Terence (D:3)
  2 killer bee zombies (D:9)
  2 crocodile zombies (Ossuary)
  2 mummies (Ossuary)
  4 howler monkey zombies (D:9)
  Robin (D:2)
  8 adders
  10 gnolls
  6 river rats (Sewer)
  A shadow imp (D:4)
  2 white imps
  2 ufetubi
  3 adder zombies (Ossuary)
  4 ribbon worms
  4 dart slugs
  40 orcs
  8 ball pythons
  7 endoplasms
  3 giant cockroaches
  14 gnoll zombies (Ossuary)
  15 goblins
  8 hobgoblins
  29 kobolds
  2 quokkas (D:4)
  15 bats
  9 frilled lizards
  4 jackal zombies (Ossuary)
  4 orc skeletons (D:6)
  6 orc zombies
  5 rats
1095 creatures vanquished.

Vanquished Creatures (collateral kills)
  the Lernaean hydra (Swamp:4)
  A hydra (Swamp:4)
  A naga sharpshooter (Snake:1)
  An ice beast (D:11)
  A wolf (D:11)
  2 kobolds (D:11)
7 creatures vanquished.

Vanquished Creatures (others)
  A hydra (Swamp:4)
  A death yak (Lair:5)
  A bloated husk (Swamp:3)
  A boggart (D:15)
  2 orcs (Orc:2)
  32 foxfires
38 creatures vanquished.

Grand Total: 1140 creatures vanquished

Notes
Turn   | Place    | Note
-------+----------+-------------------------------------------
     0 | D:1      | Cheops the Troll Fighter began the quest for the Orb.
     0 | D:1      | Reached XP level 1. HP: 22/22 MP: 0/0
   186 | D:1      | Found Loraiwaj's Antique Armour Shoppe.
   429 | D:1      | Reached XP level 2. HP: 29/29 MP: 1/1
   594 | D:2      | Noticed Robin
   652 | D:2      | Noticed Jessica
   660 | D:2      | Killed Jessica
   661 | D:2      | Reached skill level 3 in Unarmed Combat
   661 | D:2      | Reached XP level 3. HP: 34/36 MP: 2/2
   755 | D:2      | Killed Robin
   756 | D:2      | Reached skill level 4 in Unarmed Combat
   762 | D:2      | Reached XP level 4. HP: 14/44 MP: 3/3
  1604 | D:3      | Noticed Terence
  1614 | D:3      | Killed Terence
  1615 | D:3      | Reached skill level 5 in Unarmed Combat
  1615 | D:3      | Reached XP level 5. HP: 37/50 MP: 4/4
  2014 | D:4      | Found a glowing drain.
  2018 | Sewer    | Entered a sewer
  2367 | Sewer    | Reached XP level 6. HP: 55/59 MP: 5/5
  2632 | D:4      | Found a staircase to the Ecumenical Temple.
  2638 | Temple   | Found a transporter.
  2638 | Temple   | Found a transporter.
  2638 | Temple   | Found a transporter.
  2638 | Temple   | Found a transporter.
  2638 | Temple   | Entered the Ecumenical Temple
  2659 | Temple   | Became a worshipper of Qazlal Stormbringer
  2756 | D:4      | Reached skill level 6 in Unarmed Combat
  2822 | D:4      | Found a glowing golden altar of the Shining One.
  3618 | D:5      | Entered Level 5 of the Dungeon
  3692 | D:5      | Reached XP level 7. HP: 66/66 MP: 6/6
  3740 | D:5      | Reached skill level 7 in Unarmed Combat
  3857 | D:5      | Reached skill level 5 in Shields
  3956 | D:5      | Reached * piety under Qazlal
  3957 | D:5      | Reached skill level 8 in Unarmed Combat
  3986 | D:5      | Reached XP level 8. HP: 56/74 MP: 7/7
  4363 | D:6      | Found a sand-covered staircase.
  4417 | Ossuary  | Entered an ossuary
  4443 | Ossuary  | Reached skill level 9 in Unarmed Combat
  4455 | Ossuary  | Reached ** piety under Qazlal
  4663 | D:6      | Reached *** piety under Qazlal
  4664 | D:6      | Reached skill level 10 in Unarmed Combat
  4732 | D:6      | Reached XP level 9. HP: 71/80 MP: 8/8
  4963 | D:6      | Noticed a two-headed ogre
  4981 | D:6      | Killed a two-headed ogre
  4982 | D:6      | Reached skill level 11 in Unarmed Combat
  5223 | D:7      | Reached skill level 1 in Invocations
  5236 | D:7      | Noticed Jeremiah
  5243 | D:7      | Found a flagged portal.
  5248 | D:7      | Killed Jeremiah
  5282 | Bailey   | Entered a bailey
  5356 | Bailey   | Reached skill level 12 in Unarmed Combat
  5386 | Bailey   | Reached **** piety under Qazlal
  5454 | Bailey   | Found a burning altar of Makhleb.
  5550 | D:7      | Found Cexzos's Overcharged Wands.
  5650 | D:7      | Noticed Maurice
  5667 | D:7      | Something stole a +1 short sword of holy wrath
  5671 | D:7      | Something stole 477 gold
  5672 | D:7      | Something stole 141 gold
  5674 | D:7      | Killed Maurice
  5675 | D:7      | Reached XP level 10. HP: 47/88 MP: 1/12
  5936 | D:7      | Reached skill level 5 in Invocations
  6504 | D:8      | Noticed Psyche
  6741 | D:8      | Noticed Grum
  6762 | D:8      | Killed Grum
  6948 | D:1      | Bought the +3 robe of Clouds {*Thunder rCloud rElec} for
                  | 712 gold pieces
  6948 | D:1      | Found the +3 robe of Clouds {*Thunder rCloud rElec}
  7109 | D:8      | Killed Psyche
  7602 | D:9      | Reached skill level 13 in Unarmed Combat
  7714 | D:9      | Reached ***** piety under Qazlal
  7840 | D:9      | Reached XP level 11. HP: 94/94 MP: 15/15
  8896 | D:10     | Entered Level 10 of the Dungeon
  9017 | D:10     | Noticed a two-headed ogre
  9032 | D:10     | Killed a two-headed ogre
  9033 | D:10     | Reached skill level 14 in Unarmed Combat
  9181 | D:10     | Noticed TheBioAlchemist's ghost (journeyman GrFi)
  9182 | D:10     | Noticed a lich
  9183 | D:10     | Noticed a necromancer
  9183 | D:10     | Noticed a skeletal warrior
  9183 | D:10     | Noticed a six-headed hydra
  9184 | D:10     | Noticed a stone giant
  9184 | D:10     | Noticed a stone giant
  9382 | D:10     | Found a runed translucent door.
  9390 | D:10     | Found a runed translucent door.
  9687 | D:11     | Reached skill level 1 in Evocations
  9929 | D:11     | Found a staircase to the Lair.
 10054 | D:11     | Noticed a two-headed ogre
 10057 | D:11     | Killed a two-headed ogre
 10058 | D:11     | Reached skill level 15 in Unarmed Combat
 10530 | D:12     | Noticed Gastronok
 10548 | D:12     | Killed Gastronok
 10549 | D:12     | Reached XP level 12. HP: 101/104 MP: 17/17
 10580 | D:12     | Reached skill level 5 in Evocations
 10580 | D:12     | Noticed Snorg
 10589 | D:12     | Found a staircase to the Orcish Mines.
 10948 | D:12     | Killed Snorg
 11120 | D:12     | Found Wuliozyzy's Gadget Gallery.
 11896 | D:13     | Noticed a frost giant
 11913 | D:13     | Killed a frost giant
 12397 | D:13     | Reached skill level 5 in Fighting
 12397 | D:13     | Reached skill level 16 in Unarmed Combat
 12449 | D:13     | Noticed a boulder beetle
 12458 | D:13     | Killed a boulder beetle
 12615 | D:13     | Got the +1 broad axe of Lyurumpi {freeze, rElec Will+
                  | Int+2}
 12705 | Lair:1   | Entered Level 1 of the Lair of Beasts
 12867 | Lair:1   | Noticed Maggie
 12877 | Lair:1   | Killed Maggie
 12879 | Lair:1   | Reached XP level 13. HP: 92/120 MP: 18/18
 13010 | Lair:1   | Reached ****** piety under Qazlal
 13073 | Lair:1   | Noticed Fannar
 13093 | Lair:1   | Killed Fannar
 13454 | Lair:2   | Found a gate leading to a gauntlet.
 13479 | Gauntlet | Entered a Gauntlet
 13479 | Gauntlet | Found a transporter.
 13482 | Gauntlet | Found a transporter.
 13483 | Gauntlet | Found a runed translucent door.
 13485 | Gauntlet | Found a transporter.
 13486 | Gauntlet | Found a transporter.
 13489 | Gauntlet | Found a transporter.
 13490 | Gauntlet | Found a transporter.
 13499 | Gauntlet | Found a transporter.
 13499 | Gauntlet | Found a transporter.
 13519 | Gauntlet | Found a transporter.
 13538 | Gauntlet | Found a transporter.
 13540 | Gauntlet | Found a transporter.
 13548 | Gauntlet | Found a transporter.
 13596 | Gauntlet | Found a runed translucent door.
 13702 | Gauntlet | Identified the ring of the Pharaoh's Fist {rC- rN++ Will++
                  | Str+6}
 13825 | Gauntlet | Identified the ring of Morphoz {rPois MP-9 AC+4 Int+4 SInv}
 13825 | Gauntlet | Noticed a minotaur
 13828 | Gauntlet | Killed a minotaur
 14489 | Lair:2   | Noticed an eleionoma
 14500 | Lair:2   | Killed an eleionoma
 14543 | Lair:2   | Found a staircase to the Swamp.
 14823 | Lair:3   | Noticed Sonja
 14824 | Lair:3   | Killed Sonja
 14842 | Lair:3   | Reached skill level 17 in Unarmed Combat
 15240 | Lair:3   | Found a staircase to the Snake Pit.
 15318 | Lair:3   | You fall into a shaft and drop 2 floors!
 15318 | Lair:5   | Entered Level 5 of the Lair of Beasts
 15318 | Lair:5   | Found a staircase to the Slime Pits.
 15318 | Lair:5   | Found a viscous altar of Jiyva.
 15624 | Lair:4   | Reached XP level 14. HP: 106/136 MP: 10/19
 15847 | Lair:4   | Reached skill level 5 in Axes
 16885 | Lair:5   | Got Jeseilef's Discursus on Combative Frost
 17787 | D:12     | Bought a phial of floods for 440 gold pieces
 18103 | D:14     | Found Zeqape's Antique Weapon Shop.
 18110 | D:14     | Bought a dazzling broad axe for 270 gold pieces
 18110 | D:14     | Identified the +3 broad axe "Laidwema" {pain, Fly Str+3
                  | Stlth+} (You bought it in a shop on level 14 of the
                  | Dungeon)
 18327 | D:14     | Noticed an ironbound preserver
 18339 | D:14     | Killed an ironbound preserver
 18340 | D:14     | Reached skill level 10 in Invocations
 18587 | D:14     | Found a gate to the Vaults.
 18770 | D:15     | Entered Level 15 of the Dungeon
 19029 | D:15     | Noticed a stone giant
 19036 | D:15     | Killed a stone giant
 19037 | D:15     | Reached XP level 15. HP: 143/143 MP: 13/22
 19037 | D:15     | Found a staircase to the Depths.
 19112 | D:15     | Found a portal to a secret trove of treasure.
 19377 | D:15     | Noticed Nessos
 19397 | D:15     | Killed Nessos
 19633 | D:15     | Reached skill level 18 in Unarmed Combat
 20136 | Snake:1  | Entered Level 1 of the Snake Pit
 20546 | Snake:1  | Noticed Rupert
 20559 | Snake:1  | Killed Rupert
 20617 | Snake:1  | Identified the +0 whip "Notru" {flame, *Noise rF+ Dex+3}
 20794 | Snake:1  | Noticed Jorgrun
 20805 | Snake:1  | Killed Jorgrun
 20827 | Snake:1  | Found a runed translucent gate.
 20827 | Snake:1  | Found a runed translucent gate.
 20827 | Snake:1  | Found a runed translucent gate.
 20829 | Snake:1  | Found an opulent altar of Gozag.
 20829 | Snake:1  | Noticed Smee's ghost (adept MiFi)
 20936 | Snake:1  | Identified a scroll of acquirement
 20936 | Snake:1  | Acquired the +4 steam dragon scales of Ephegh {Str+6 Int+2}
 21955 | Snake:2  | Reached XP level 16. HP: 144/152 MP: 16/25
 22250 | Snake:2  | Found a shadowy altar of Dithmenos.
 22879 | D:10     | Found a white marble altar of Elyvilon.
 22879 | D:10     | Found a bloodstained altar of Trog.
 23236 | D:10     | Killed TheBioAlchemist's ghost
 23296 | D:10     | Killed a lich
 23455 | Swamp:1  | Entered Level 1 of the Swamp
 23479 | Swamp:1  | Reached skill level 19 in Unarmed Combat
 23663 | Swamp:1  | Reached skill level 5 in Dodging
 24678 | Swamp:2  | Noticed a thorn hunter
 24708 | Swamp:2  | Killed a thorn hunter
 24906 | Swamp:2  | You fall into a shaft and drop 1 floor!
 26069 | Snake:3  | Reached skill level 10 in Dodging
 26148 | Snake:3  | Found Fuel's Weapon Boutique.
 26148 | Snake:3  | Identified the serpent talisman of the Pits of Slime {Will+
                  | Str-2 Dex-3 Slay+5}
 26148 | Snake:3  | Noticed Aizul
 26160 | Snake:3  | Killed Aizul
 26182 | Snake:3  | Found Hurijon's Distillery.
 26350 | Snake:3  | Identified the +3 ring mail "Iwemaun" {+Blink rElec Int-3
                  | Stlth-}
 26767 | Snake:4  | Entered Level 4 of the Snake Pit
 26789 | Snake:4  | Reached XP level 17. HP: 124/158 MP: 6/26
 26881 | Snake:4  | Reached skill level 20 in Unarmed Combat
 27703 | Snake:4  | Identified the +6 dagger of Fate {drain, Str+4}
 27857 | Snake:4  | Reached skill level 21 in Unarmed Combat
 27992 | Snake:4  | Reached skill level 10 in Shields
 28121 | Snake:4  | Got a serpentine rune of Zot
 28495 | D:15     | You paid a toll of 11 potions of heal wounds to enter a
                  | treasure trove
 28496 | Trove    | Entered a treasure trove
 28499 | Trove    | Found the brooch of Shielding {Spirit SH+8}
 28500 | Trove    | Identified the ring "Xeasum" {Int+3 SInv}
 28508 | Trove    | Identified the amulet "Xedghyg" {Reflect ^Drain Fly rPois
                  | rC+ SH+5}
 28510 | Trove    | Identified the ring "Eptic" {Wiz Slay+2}
 28512 | Trove    | Identified the ring "Pobaseh" {Wiz Int+4}
 28514 | Trove    | Identified the ring of the Villain {Fly Will+++ rCorr
                  | Str-4}
 28846 | Swamp:4  | Entered Level 4 of the Swamp
 29856 | Swamp:4  | Reached XP level 18. HP: 147/167 MP: 18/27
 29907 | Swamp:4  | Noticed the 27-headed Lernaean hydra
 29936 | Swamp:4  | Killed the 26-headed Lernaean hydra
 30090 | Swamp:4  | Got a decaying rune of Zot
 30430 | Orc:1    | Entered Level 1 of the Orcish Mines
 30578 | Orc:2    | Entered Level 2 of the Orcish Mines
 31106 | Orc:2    | Found Bafakas's Book Emporium.
 31106 | Orc:2    | Found Urremmu's Antique Weapon Shop.
 31107 | Orc:2    | Found Zigu's Book Boutique.
 31126 | Orc:2    | Found Puvvuc's Antique Armour Shoppe.
 31131 | Orc:2    | Bought a warped broad axe for 288 gold pieces
 31131 | Orc:2    | Identified the +5 broad axe of Theory {antimagic, Int+3}
                  | (You bought it in a shop on level 2 of the Orcish Mines)
 31256 | Orc:2    | Found a staircase to the Elven Halls.
 31599 | Vaults:1 | Entered Level 1 of the Vaults
 32043 | Vaults:1 | Found Coanax's Distillery.
 32056 | Vaults:1 | Bought a potion of heal wounds for 90 gold pieces
 32378 | Vaults:1 | Reached skill level 22 in Unarmed Combat
 33077 | Vaults:2 | Found a magical portal.
 33126 | WizLab   | Entered Maxwell's Workshop
 33381 | WizLab   | Killed from afar by a crystal guardian

Illustrated notes

Levels and vault maps discovered:
D:1:      psy_arrival_dodecagon, layout_basic, serial_shops,
          nicolae_shop_behind_doors
D:2:      minmay_chambers_of_ones, layout_rooms, roderic_cross_of_infinity,
          minmay_misc_feat_columns, minivault_5, minmay_misc_feat_four_crosses,
          uniq_robin, uniq_jessica
D:3:      layout_loops_ring, minivault_14, uniq_terence
D:4:      layout_basic, mainiacjoe_overflow_cross_hatched,
          minmay_temple_entry_hall, gup_sewer_entry_bowl
D:5:      layout_cave_pools, hangedman_minor_gate_pass
D:6:      layout_rooms, nicolae_ossuary_entry_catacombs, hangedman_glass_teeth,
          corner_web_ring
D:7:      layout_loops_corners, enter_bailey_3, minmay_misc_feat_ornament,
          nicolae_shop_overcharged_wands, uniq_maurice, uniq_jeremiah
D:8:      layout_loops_ring, uniq_psyche, uniq_grum
D:9:      layout_layer_cave, serial_undead, serial_undead_c, serial_undead_f,
          serial_undead_f, serial_undead_d, serial_undead_d, serial_undead_f,
          serial_undead_e
D:10:     layout_small_grid, nicolae_overflow_hidden_temple,
          muffindrake_ghost_dual_entry, hangedman_stone_soup
D:11:     layout_irregular_city, hellmonk_lair_entry_icy, serial_demonic,
          serial_demonic_c, serial_demonic_f, serial_demonic_b, serial_demonic_c
D:12:     layout_basic, orc_0_dummy, nicolae_shop_gadgets, uniq_gastronok,
          uniq_snorg
D:13:     minmay_coctagon, layout_loops_corners, hangedman_decor_slide_cut
D:14:     layout_stronghold, hellmonk_vaults_order_and_chaos, serial_shops,
          shop, nicolae_lava_and_water, serial_ice, serial_ice_c, serial_ice_l,
          serial_ice_a, serial_ice_g
D:15:     grunt_enter_depths_giant_problem, layout_loops_ring,
          grunt_decor_clamped, enter_trove_2, uniq_nessos
Temple:   hellmonk_temple_divided_pantheon
Lair:1:   layout_roguey, grunt_megastairs_4, uniq_maggie, uniq_fannar
Lair:2:   layout_hall_layers, alex1729_swamp_entry_worm_eleionoma,
          gauntlet_entry_generic, chequers_serial_rivers_micro_b,
          serial_bayou_shore_a
Lair:3:   layout_misc_corridors, minmay_snake_entry_six_corridors, uniq_sonja
Lair:4:   layout_loops_ring, hibernation_bobbens
Lair:5:   grunt_lair_end_beastmaster, layout_loops_ring, slime_entry_1,
          nicolae_lair_yak_garden
Swamp:1:  layout_falls_marsh, nicolae_swamp_stuck_in_the_mud,
          nicolae_swamp_tree_isthmus
Swamp:2:  cheibrodos_swamp_tower_of_moss, layout_basic_swamp,
          evilmike_swamp_ruin_house_5
Swamp:3:  layout_basic_swamp, hangedman_swamp_ruin_hall
Swamp:4:  swamp_old_school, layout_basic_swamp
Snake:1:  layout_onion_interference, ebering_ghost_gozag, st_stairs_4,
          grunt_ministairs_1, uniq_jorgrun, uniq_rupert
Snake:2:  layout_layer_cave, basic_altar, grunt_ministairs_15
Snake:3:  nicolae_sea_snake_s, layout_gridlike, minmay_shop_star, uniq_aizul
Snake:4:  snake_pit, layout_misc_corridors
Orc:1:    layout_diamond_mine
Orc:2:    st_orc_rangers, layout_diamond_mine
Vaults:1: grunt_vaults_hallway_short, minmay_orc_keep, v_alt_pattern_2,
          nicolae_vaults_lightning_bolt, nicolae_vaults_hexular_roomagon,
          nicolae_vaults_heart-shaped_vault, layout_vaults_chaotic_city,
          serial_shops, nicolae_diamond_shop
Vaults:2: lightli_enter_wizlab_magi_temple, nicolae_vaults_angled_halls,
          v_misc_19, minmay_crypt_entry_simple_statues, door_vault,
          vaults_mumra_hexcomb, nicolae_vaults_closet_pinwheel_5,
          hangedman_vaults_slice, v_misc_29, v_misc_5,
          nicolae_vaults_storage_closets_3, nicolae_vaults_tetromino_Z_1,
          serial_ice_b, layout_vaults_ring, serial_shops,
          nicolae_shop_statue_plus
WizLab:   wizlab_maxwell

Skill      XL: |  1  2  3  4  5  6  7  8  9 10 11 12 13 14 15 16 17 18 |
---------------+-------------------------------------------------------+-----
Shields        | 3 4 5 6 8 11 14 | 14.2
Unarmed Combat | 3 4 5 6 8 10 12 13 15 16 17 18 19 21 22 | 22.2
Invocations    | 4 7 8 10 13 14 | 14.2
Axes           | 2 3 7 |  7.0
Evocations     | 4 6 |  6.2
Fighting       | 5 8 |  8.0
Dodging        | 10 11 | 11.0

Action                     |  1- 3 |  4- 6 |  7- 9 | 10-12 | 13-15 | 16-18 || total
---------------------------+-------+-------+-------+-------+-------+-------++-------
  Melee: Unarmed           |    57 |   185 |   314 |   473 |   684 |   993 ||  2706
         Hand axe          |       |       |       |       |    38 |   131 ||   169
 Invoke: Elemental Force   |       |       |     1 |     1 |     1 |     1 ||     4
         Upheaval          |       |       |       |     6 |    11 |     9 ||    26
         Disaster Area     |       |       |       |       |     1 |       ||     1
  Evoke: Wand              |       |       |       |     1 |     1 |     3 ||     5
    Use: Potion            |     1 |       |     1 |     1 |       |       ||     3
         Scroll            |       |     7 |     2 |    12 |    14 |     8 ||    43
   Stab: Distracted        |       |       |     1 |       |       |       ||     1
         Paralysed         |       |       |       |     1 |       |     1 ||     2
         Petrified         |       |       |       |       |     9 |       ||     9
         Petrifying        |       |       |       |       |     1 |       ||     1
 Armour: Robe              |    49 |   108 |   156 |   213 |   403 |   567 ||  1496
         Skin              |       |       |       |       |       |     3 ||     3
  Dodge: Dodged            |    36 |    68 |    78 |   114 |   158 |   302 ||   756
         Repelled          |       |       |       |     2 |    15 |    29 ||    46
  Block: Kite shield       |    21 |    82 |   173 |   354 |   595 |  1037 ||  2262
         Reflection        |       |       |       |       |       |    90 ||    90
